 Dungeon Crawl Stone Soup version 0.21.1-1-g345015f (webtiles) character file.

3158 empire the Cleaver (level 9, -3/70 HPs)
             Began as a Minotaur Fighter on Apr 27, 2018.
             Was a Priest of Cheibriados.
             Slain by Gastronok (28 damage)
             ... on level 8 of the Dungeon.
             The game lasted 00:17:14 (6568 turns).

empire the Cleaver (Minotaur Fighter)               Turns: 6568, Time: 00:17:15

Health: -3/70      AC: 16    Str: 32    XL:     9   Next: 62%
Magic:  19/19      EV: 10    Int: 13    God:    Cheibriados [***...]
Gold:   339        SH: 13    Dex: 18    Spells: 6/8 levels left

rFire    . . .     SeeInvis .   b - +0 broad axe
rCold    . . .     Gourm    +   c - +0 shield
rNeg     . . .     Faith    .   g - +0 plate armour
rPois    .         Spirit   .   (helmet restricted)
rElec    .         Reflect  .   (no cloak)
rCorr    .         Harm     .   e - +0 pair of gloves
MR       .....                  (no boots)
Stlth    ..........             q - amulet of the gourmand
HPRegen  0.21/turn              h - ring of magical power
MPRegen  0.16/turn              p - +2 ring of protection

@: very slow
A: retaliatory headbutt, horns 2
a: Bend Time, Temporal Distortion, Renounce Religion


You were on level 8 of the Dungeon.
You worshipped Cheibriados.
Cheibriados was most pleased with you.
You were completely stuffed.

You visited 2 branches of the dungeon, and saw 9 of its levels.

You collected 339 gold pieces.

Inventory:

Hand Weapons
 a - a +2 mace of protection
 b - a +0 broad axe (weapon)
Armour
 c - a +0 shield (worn)
 e - a +0 pair of gloves (worn)
 g - a +0 plate armour (worn)
Jewellery
 h - a ring of magical power (left hand)
 p - a +2 ring of protection (right hand)
 q - an amulet of the gourmand (around neck)
Wands
 s - a wand of flame (67)
 z - a wand of acid (14)
Scrolls
 d - 2 scrolls of teleportation {unknown}
 k - a scroll of magic mapping {unknown}
 l - 4 scrolls of remove curse
 n - 2 scrolls of noise {unknown}
 r - a scroll of amnesia {unknown}
 w - 2 scrolls of identify
 x - 2 scrolls of enchant weapon {unknown}
 y - a scroll of fog {unknown}
 B - 2 scrolls of enchant armour {unknown}
 C - a scroll of immolation {unknown}
Potions
 i - 2 potions of agility {unknown}
 j - 6 potions of curing
 m - 4 potions of heal wounds {unknown}
 o - a potion of might
 t - 3 potions of flight {unknown}
 u - a potion of haste {unknown}
 A - a potion of cancellation {unknown}
 E - a potion of lignification {unknown}
 L - a potion of ambrosia {unknown}
Comestibles
 f - 14 rations
 v - 13 chunks of flesh


   Skills:
 - Level 3.6 Fighting
 * Level 10.0 Axes
 + Level 7.8 Armour
 + Level 6.0 Dodging
 + Level 7.7 Shields
 + Level 3.8 Evocations


You had 6 spell levels left.
You knew the following spells:

 Your Spells              Type           Power        Failure   Level  Hunger
a - Call Imp              Summ           #.......     100%        2    ###....


Dungeon Overview and Level Annotations

Branches:
Dungeon (8/15)             Temple (1/1) D:4
   Lair: D:8-11

Altars:
Ashenzari
Cheibriados
Dithmenos
Elyvilon
Fedhas
Gozag
Hepliaklqana
Kikubaaqudgha
Makhleb
Nemelex Xobeh
Okawaru
Qazlal
Ru
Sif Muna
Trog
Uskayaw
Vehumet
Wu Jian
Xom
Yredelemnul
Zin
The Shining One

Annotations:
D:8 Gastronok


Innate Abilities, Weirdness & Mutations

You reflexively headbutt those who attack you in melee.
You have a pair of horns on your head.


Message History

The hippogriff pecks you. The hippogriff barely misses you.
Unknown command.
You slice Gastronok!!
You headbutt Gastronok, but do no damage.
Gastronok is moderately wounded.
You slash the hippogriff! The hippogriff bites you.
The hippogriff pecks you but does no damage.
You block the hippogriff's attack.
Gastronok waves his eye-stalks in wide circles.
The air twists around and strikes you!
You slash Gastronok! You headbutt Gastronok!
Gastronok is heavily wounded.
You hit the hippogriff. You block the hippogriff's attack.
The hippogriff pecks you but does no damage.
The hippogriff claws you but does no damage.
You block the hippogriff's attack. x2; The hippogriff barely misses you.
You slice Gastronok!!
Gastronok is severely wounded.
You barely miss the hippogriff. Gastronok bites you!!
You die...

######.. ..#. ..# #.....#. .#
....#.#. ..# #.....#. . ...#.#.
..# ####...[.#. . .^#.#.#..#
#.........< ###. #.#.#....#
#.##.[)..## ...########.#.#...?#
#.##.....##
.............(##.w.##.#....รท...##
...............%@HY...#........##
..............#########........##
##.........(.............))......
#............##########.........
#............# #......).......
#...(........# #.....)........
#............# #..............
#.........########............##
########### #.............#####


You could see Gastronok, a hippogriff and an ice beast.

Vanquished Creatures
  A hippogriff (D:8)
  Eustachio (D:4)
  The ghost of TinyReaver the Stinger, an amateur MfVM (D:3)
  Menkaure (D:7)
  2 water moccasins
  An orc warrior (D:6)
  Duvessa (D:5)
  2 ice beasts
  2 phantoms (D:6)
  2 ogres (D:4)
  A big kobold (D:7)
  2 bullfrogs (D:6)
  Dowan (D:5)
  A scorpion (D:4)
  A water moccasin skeleton (D:6)
  6 wights
  5 howler monkeys
  A crimson imp (D:5)
  A gnoll shaman (D:8)
  2 orc priests
  A hound (D:5)
  3 orc wizards
  2 bullfrog skeletons
  4 worker ants
  Natasha (thrice) (D:4)
  2 iguanas
  A killer bee zombie (D:7)
  2 hound zombies
  A worker ant zombie (D:7)
  Robin (D:3)
  4 gnolls
  7 adders
  3 shadow imps
  An ooze (D:1)
  An adder skeleton (D:5)
  3 worms
  2 dart slugs
  4 leopard geckos
  11 orcs
  2 giant cockroaches
  15 goblins
  13 hobgoblins
  10 jackals
  A quokka (D:2)
  4 ball pythons
  4 bats
  9 frilled lizards
  A jackal zombie (D:7)
  14 kobolds
  A quokka skeleton (D:7)
  13 rats
178 creatures vanquished.

Notes
Turn   | Place    | Note
-------+----------+-------------------------------------------
     0 | D:1      | empire the Minotaur Fighter began the quest for the Orb.
     0 | D:1      | Reached XP level 1. HP: 19/19 MP: 0/0
   172 | D:1      | Reached skill level 3 in Axes
   172 | D:1      | Reached XP level 2. HP: 16/26 MP: 1/1
   402 | D:1      | Reached skill level 1 in Dodging
   512 | D:1      | Reached XP level 3. HP: 30/31 MP: 2/2
  1300 | D:2      | Reached XP level 4. HP: 39/39 MP: 3/3
  1458 | D:2      | Found a hide-covered altar of Uskayaw.
  1468 | D:2      | Found a white marble altar of Elyvilon.
  1530 | D:2      | Reached skill level 4 in Axes
  1853 | D:3      | Noticed Robin
  1864 | D:3      | Killed Robin
  2077 | D:3      | Found a sacrificial altar of Ru.
  2251 | D:3      | Noticed TinyReaver's ghost (amateur MfVM)
  2264 | D:3      | Killed TinyReaver's ghost
  2264 | D:3      | Reached skill level 5 in Axes
  2264 | D:3      | Reached XP level 5. HP: 15/45 MP: 4/4
  2721 | D:3      | Found a deep blue altar of Sif Muna.
  2899 | D:3      | Reached XP level 6. HP: 51/51 MP: 5/5
  3017 | D:4      | Reached skill level 5 in Armour
  3017 | D:4      | Reached skill level 5 in Shields
  3052 | D:4      | Noticed Eustachio
  3091 | D:4      | Killed Eustachio
  3091 | D:4      | Reached skill level 6 in Axes
  3420 | D:4      | Noticed Natasha
  3432 | D:4      | Killed Natasha
  3432 | D:4      | Reached XP level 7. HP: 57/57 MP: 6/6
  3531 | D:4      | Found a staircase to the Ecumenical Temple.
  3542 | Temple   | Entered the Ecumenical Temple
  3627 | Temple   | Became a worshipper of Cheibriados the Contemplative
  3709 | D:4      | Noticed Natasha
  3717 | D:4      | Killed Natasha
  3790 | D:4      | Noticed Natasha
  3797 | D:4      | Killed Natasha
  3902 | D:4      | Found a glowing silver altar of Zin.
  3904 | D:4      | Found a shadowy altar of Dithmenos.
  3904 | D:4      | Found a stormy altar of Qazlal.
  3906 | D:4      | Found a shimmering altar of Xom.
  3906 | D:4      | Found an opulent altar of Gozag.
  3906 | D:4      | Found an opulent altar of Gozag.
  4011 | D:5      | Entered Level 5 of the Dungeon
  4101 | D:5      | Reached skill level 1 in Evocations
  4136 | D:5      | Noticed Duvessa
  4138 | D:5      | Noticed Dowan
  4153 | D:5      | Killed Duvessa
  4153 | D:5      | Reached skill level 7 in Axes
  4166 | D:5      | Killed Dowan
  4166 | D:5      | Reached XP level 8. HP: 45/64 MP: 8/8
  4546 | D:5      | Reached * piety under Cheibriados
  4922 | D:6      | Reached skill level 8 in Axes
  5061 | D:6      | Found an iron altar of Okawaru.
  5290 | D:6      | Found a radiant altar of Vehumet.
  5446 | D:6      | Got a pitted spear
  5447 | D:6      | Identified the +6 spear of Triumph {drain, rElec rPois rF++ Int-3} (You found it on level 6 of the Dungeon)
  5488 | D:7      | Reached skill level 5 in Dodging
  5497 | D:6      | Reached ** piety under Cheibriados
  5497 | D:6      | Reached skill level 9 in Axes
  5497 | D:6      | Reached XP level 9. HP: 20/70 MP: 10/10
  5788 | D:7      | Noticed Menkaure
  5796 | D:7      | Killed Menkaure
  5853 | D:7      | Reached *** piety under Cheibriados
  5993 | Temple   | Learned a level 2 spell: Call Imp
  6103 | D:7      | Found a stormy altar of Qazlal.
  6179 | D:7      | Found a bloodstained altar of Trog.
  6410 | D:8      | Found a snail-covered altar of Cheibriados.
  6467 | D:8      | Reached skill level 10 in Axes
  6563 | D:8      | Noticed Gastronok
  6568 | D:8      | Slain by Gastronok

Skill      XL: |  1  2  3  4  5  6  7  8  9 |
---------------+----------------------------+-----
Axes           | 3 5 6 7 9 10 | 10.0
Dodging        | 1 2 3 4 5 6 |  6.0
Armour         | 4 5 6 7 |  7.8
Shields        | 4 5 6 7 |  7.7
Evocations     | 1 2 3 |  3.8
Fighting       | |  3.6

Action                   |  1- 3 |  4- 6 |  7- 9 || total
-------------------------+-------+-------+-------++-------
Melee: War axe           |   119 |   135 |    30 ||   284
       Headbutt          |     5 |    18 |    62 ||    85
       Broad axe         |       |       |   217 ||   217
Evoke: Wand              |       |       |     6 ||     6
  Use: Potion            |       |     2 |     1 ||     3
       Scroll            |       |     1 |     4 ||     5
  Eat: Chunk             |     1 |    17 |    11 ||    29
Armor: Plate armour      |    73 |   143 |   146 ||   362
Dodge: Dodged            |    24 |    33 |   111 ||   168
Block: Shield            |    63 |   100 |   178 ||   341
